AoeStats
← AxingQuestions

Arena

509506929Analyzed
4v4 RM · 4d ago on Sep 27, 2026· 41m 32s· 8 players
Game mode
Random Map
Map size
Large (8 player)
Population
200
Speed
Normal
Resources
Standard
Victory
Conquest
Starting age
Dark Age
Ending age
Imperial Age
RankedLock teamsTeams togetherTeam positionsShared explorationLock speedFull tech treeHidden civsTurbo modeCheats
Victory
Defeat
🇦🇷 Malay · Argentina
1344
+11
🇦🇷 Burgundians · Argentina
1282
+14
🇧🇷 Burgundians · Brazil
1277
+14
🇨🇱 Danes · Chile
1225
+16
🇨🇴 Vietnamese · Colombia
1279
-16
🇨🇦 Goths · Canada
1228
-14
🇺🇸 Vikings · United States
1221
-13
🇲🇽 Mongols · Mexico
1197
-12
AxingQuestions
10:57 Feudal Age
14:25 Castle Age
12:29 Double-Bit Axe
12:33 Horse Collar
13:22 Loom
16:07 Bow Saw
16:55 Heavy Plow
19:45 Gold Mining
21:28 Gold Shaft Mining
22:30 Stone Mining
23:02 Fortified Wall
23:13 Treadmill Crane
23:28 Fletching
24:02 Town Watch
24:22 Crossbowman
27:49 Imperial Age
25:51 Ballistics
25:45 Bodkin Arrow
26:26 Town Patrol
26:43 Padded Archer Armor
27:39 Squires
28:36 Bracer
27:59 Arbalester
28:56 Leather Archer Armor
29:43 Chemistry
28:42 Murder Holes
29:14 Conscription
29:59 Bogsveigar
30:38 Capped Ram
32:24 Siege Ram
36:13 Two-Man Saw
35:17 Elite Varangian Guard
35:58 Squires
35:43 Arson
36:32 Ring Archer Armor
36:03 Scale Mail Armor
36:14 Forging
36:30 Chieftains
37:06 Hoardings
38:42 Chain Mail Armor
39:50 Iron Casting
ap2wang
0:27 Loom
9:45 Feudal Age
14:07 Castle Age
13:22 Double-Bit Axe
15:49 Wheelbarrow
20:55 Horse Collar
22:53 Heavy Plow
24:59 Pikeman
32:43 Imperial Age
32:50 Imperial Age
31:28 Man-at-Arms
32:10 Scale Mail Armor
32:20 Forging
32:13 Squires
32:17 Long Swordsman
33:14 Chain Mail Armor
32:56 Two-Handed Swordsman
33:48 Perfusion
34:05 Champion
34:06 Halberdier
37:26 Iron Casting
39:11 Blast Furnace
Megatron2002
0:29 Loom
12:05 Feudal Age
14:51 Wheelbarrow
17:23 Castle Age
16:08 Double-Bit Axe
16:42 Horse Collar
17:29 Gold Mining
21:26 Bow Saw
21:18 Heavy Plow
26:41 Husbandry
27:37 Fletching
28:01 Bloodlines
31:35 Imperial Age
30:24 Padded Archer Armor
30:20 Bodkin Arrow
31:52 Forging
31:48 Scale Barding Armor
32:39 Ballistics
32:56 Conscription
33:18 Iron Casting
32:07 Heavy Camel Rider
33:25 Bracer
34:27 Chain Barding Armor
34:26 Leather Archer Armor
35:26 Drill
36:11 Blast Furnace
36:14 Chemistry
[VA] Santi.TNT
10:35 Feudal Age
14:33 Castle Age
13:02 Double-Bit Axe
13:01 Horse Collar
15:42 Bow Saw
16:30 Town Watch
23:48 Wheelbarrow
22:59 Loom
23:09 Gold Mining
23:13 Stone Mining
23:33 Heavy Plow
29:03 Imperial Age
26:50 Fletching
29:43 Bodkin Arrow
32:33 Chemistry
31:39 Bracer
32:01 Ballistics
FdEz
10:03 Feudal Age
9:55 Loom
15:28 Castle Age
14:23 Stone Mining
15:00 Gold Mining
15:01 Double-Bit Axe
16:01 Gold Mining
16:12 Horse Collar
28:27 Bow Saw
29:54 Heavy Plow
30:51 Wheelbarrow
30:04 Town Watch
33:55 Imperial Age
32:47 Hand Cart
33:33 Gold Shaft Mining
37:44 Arson
38:00 Squires
37:21 Elite Varangian Guard
37:53 Elite Jomsviking
38:53 Conscription
39:32 Forging
39:23 Scale Mail Armor
42:30 Iron Casting
42:11 Chain Mail Armor
cesarmmartins
6:43 Double-Bit Axe
12:04 Feudal Age
10:34 Horse Collar
11:54 Loom
16:07 Castle Age
14:20 Heavy Plow
14:54 Bow Saw
15:48 Gold Mining
18:28 Wheelbarrow
20:43 Scale Barding Armor
20:49 Forging
21:06 Hand Cart
21:25 Town Watch
21:57 Cavalier
25:22 Gold Shaft Mining
24:37 Stone Mining
25:54 Chain Barding Armor
26:49 Iron Casting
31:56 Imperial Age
29:41 Husbandry
30:50 Stone Shaft Mining
31:24 Fletching
31:35 Padded Archer Armor
31:47 Elite Skirmisher
32:26 Bodkin Arrow
32:48 Town Patrol
33:28 Burgundian Vineyards
34:05 Crop Rotation
34:39 Two-Man Saw
34:04 Ballistics
34:05 Leather Archer Armor
34:18 Conscription
34:58 Bracer
36:04 Plate Barding Armor
36:44 Hoardings
38:06 Murder Holes
39:12 Chemistry
39:04 Paladin
41:30 Masonry
[Los Sanguinarios] Daro087
11:38 Feudal Age
15:13 Castle Age
13:06 Double-Bit Axe
13:23 Horse Collar
15:09 Bow Saw
15:21 Loom
19:16 Wheelbarrow
21:33 Gold Mining
21:55 Arson
22:11 Squires
22:25 Forging
24:04 Gold Shaft Mining
24:26 Iron Casting
31:54 Imperial Age
29:12 Town Watch
31:02 Elite Karambit Warrior
33:30 Conscription
35:04 Blast Furnace
37:09 Stone Mining
37:34 Forced Levy
38:27 Hand Cart
37:36 Heavy Scorpion
40:38 Chemistry
Cuestax
5:23 Double-Bit Axe
11:15 Feudal Age
11:14 Loom
15:27 Castle Age
14:37 Bow Saw
14:17 Horse Collar
16:25 Gold Mining
16:32 Stone Mining
17:50 Gold Mining
17:51 Stone Mining
20:16 Wheelbarrow
19:34 Town Watch
28:14 Imperial Age
26:38 Gold Shaft Mining
26:15 Cavalier
26:57 Husbandry
27:10 Heavy Plow
27:19 Scale Barding Armor
28:48 Forging
28:32 Paladin
30:30 Chain Barding Armor
32:09 Iron Casting
33:54 Plate Barding Armor
35:43 Blast Furnace
38:18 Hand Cart
38:36 Crop Rotation
39:10 Two-Man Saw
38:52 Stone Shaft Mining
41:21 Fletching
41:27 Town Watch
Connection lost

Rejoining the realm…

Still unreachable

The connection could not be restored.

Session expired

The server has moved on; the page needs a fresh start.